 Dungeon Crawl Stone Soup version 0.18-a0-1572-g0a86841 (webtiles) character file.

72781 Kidiri the Thaumaturge (level 15, -10/76 HPs)
             Began as a Deep Elf Fire Elementalist on Mar 12, 2016.
             Was a High Priest of Vehumet.
             Hit by a large rock thrown by a cyclops (17 damage)
             ... on level 2 of the Orcish Mines on Mar 15, 2016.
             The game lasted 03:15:29 (38148 turns).

Kidiri the Thaumaturge (DEFE)                      Turns: 38148, Time: 03:15:29

Health: -10/76     AC: 11    Str:  5 (8)  XL:     15   Next: 2%
Magic:  7/31       EV: 20    Int: 27      God:    Vehumet [*****.]
Gold:   2073       SH:  5    Dex: 16 (17) Spells: 11 memorised, 2 levels left

rFire  . . .     SeeInvis .     F - +5 rapier (venom)
rCold  + + .     Gourm    .     a - +1 robe
rNeg   . . .     Faith    .     J - +0 buckler
rPois  .         Spirit   .     B - +2 helmet
rElec  .         Dismiss  +     T - +1 cloak
rCorr  .         Reflect  .     U - +1 pair of gloves {Str+3}
SustAt .         Harm     .     (boots unavailable)
MR     ++...                    h - amulet of dismissal
Stlth  ++++++....               w - ring of protection from cold
                                L - ring of wizardry

@: delayed fireball, very resistant to hostile enchantments, very stealthy
A: talons 3, agile 1, blink, cold resistance 1, deterioration 1, frail 1, low mp
1, magic resistance 1, evolution 1
a: Blink, Renounce Religion, Release Delayed Fireball


You were on level 2 of the Orcish Mines.
You worshipped Vehumet.
Vehumet was extremely pleased with you.
You were not hungry.

You visited 4 branches of the dungeon, and saw 22 of its levels.

You collected 2073 gold pieces.

Inventory:

Hand Weapons
 F - a +5 rapier of venom (weapon)
Missiles
 C - 2 throwing nets (quivered)
Armour
 a - a +1 robe (worn)
 B - a +2 helmet (worn)
 J - a +0 buckler (worn)
 T - a +1 cloak (worn)
 U - a +1 pair of gloves of strength (worn)
Jewellery
 e - an uncursed ring of protection from magic
 h - an amulet of dismissal (around neck)
 w - a ring of protection from cold (right hand)
 L - a ring of wizardry (left hand)
 V - the ring of Truth {rPois rC+++ Int-3}
   (You found it on level 11 of the Dungeon)

   [ring of poison resistance]

   It affects your intelligence (-3).
   It renders you almost immune to cold.
   It protects you from poison.
Wands
 d - a wand of lightning (5/15)
 m - a wand of teleportation (2/9)
 r - a wand of random effects (40/48)
 y - a wand of teleportation (5/9)
 A - a wand of iceblast (6/15)
 G - a wand of hasting (3/9)
 I - a wand of random effects (14/48)
 K - a wand of flame (26/48)
 M - a wand of slowing (18/48)
 S - a wand of random effects (23/48)
Scrolls
 f - a scroll of fog
 g - 4 scrolls of teleportation
 n - 10 scrolls of remove curse
 p - 2 scrolls of blinking
 u - 4 scrolls of amnesia
 v - 4 scrolls of noise
 x - a scroll of recharging
 N - a scroll of fear
Potions
 i - 2 potions of flight
 j - 5 potions of haste
 k - a potion of cancellation
 o - 2 potions of ambrosia
 q - a potion of resistance
 s - 8 potions of curing
 D - 2 potions of invisibility
 H - a potion of berserk rage
Books
 l - a book of Fire

   Spells                             Type                      Level
   a - Ignite Poison                  Fire/Transmutation/Poison    3
   b - Fireball                       Conjuration/Fire             5
   c - Bolt of Fire                   Conjuration/Fire             6
   d - Delayed Fireball               Conjuration/Fire             7
   e - Ring of Flames                 Charms/Fire                  7
 t - a book of Power

   Spells                             Type                      Level
   a - Fulminant Prism                Conjuration/Hexes            4
   b - Iskenderun's Mystic Blast      Conjuration                  4
   c - Venom Bolt                     Conjuration/Poison           5
   d - Bolt of Magma                  Conjuration/Fire/Earth       5
   e - Iron Shot                      Conjuration/Earth            6
   f - Orb of Destruction             Conjuration                  7
   g - Spellforged Servitor           Conjuration/Summoning        7
 Q - a book of the Earth

   Spells                             Type                      Level
   a - Leda's Liquefaction            Hexes/Earth                  4
   b - Bolt of Magma                  Conjuration/Fire/Earth       5
   c - Statue Form                    Transmutation/Earth          6
   d - Iron Shot                      Conjuration/Earth            6
   e - Shatter                        Earth                        9
Comestibles
 c - 4 bread rations
 z - 12 beef jerkies
 O - 7 slices of pizza
 P - 16 fruits
 R - a meat ration


   Skills:
 + Level 6.7 Fighting
 + Level 4.8 Armour
 * Level 11.6 Dodging
 * Level 13.0 Stealth
 + Level 4.9 Shields
 * Level 13.6 Spellcasting
 + Level 8.6 Conjurations
 + Level 10.5 Hexes
 + Level 4.1 Transmutations
 + Level 8.8 Fire Magic
 + Level 6.0 Air Magic
 + Level 6.5 Earth Magic
 + Level 6.6 Poison Magic


You had 2 spell levels left.
You knew the following spells:

 Your Spells              Type           Power        Failure   Level  Hunger
a - Flame Tongue          Conj/Fire      #####        1%          1    None
b - Throw Flame           Conj/Fire      ######       1%          2    None
c - Conjure Flame         Conj/Fire      ######..     1%          3    None
d - Inner Flame           Hex/Fire       ######..     1%          3    None
e - Sticky Flame          Conj/Fire      ######..     1%          4    None
f - Fireball              Conj/Fire      ######....   1%          5    ##.....
g - Poisonous Cloud       Conj/Pois/Air  ######....   3%          6    ####...
h - Bolt of Magma         Conj/Fire/Erth ######....   1%          5    ##.....
i - Venom Bolt            Conj/Pois      ######....   1%          5    ##.....
j - Delayed Fireball      Conj/Fire      N/A          13%         7    ######.
k - Ignite Poison         Fire/Trmt/Pois ######..     1%          3    None


Dungeon Overview and Level Annotations

Branches:
Dungeon (11/15)            Temple (1/1) D:4            Lair (8/8) D:8
 Shoals (0/4) Lair:3        Snake (0/4) Lair:5        Slime (0/6) Lair:8
    Orc (2/2) D:11
    Elf: Orc:2

Altars:
Ashenzari
Cheibriados
Dithmenos
Elyvilon
Fedhas
Gozag
Kikubaaqudgha
Makhleb
Nemelex Xobeh
Okawaru
Pakellas
Qazlal
Ru
Sif Muna
Trog
Vehumet
Xom
Yredelemnul
Zin
The Shining One

Shops:
D:4 }   D:10 :   Orc:2 *

Portals:
Trove: D:10 (give +8 demon trident)


Innate Abilities, Weirdness & Mutations

You have claws for feet.
You are agile. (Dex +2)
You can translocate small distances at will.
Your flesh is cold resistant.
Your body sometimes deteriorates upon taking damage.
You are frail (-10% HP).
Your magical capacity is low (-10% MP).
You are resistant to hostile enchantments.
You evolve.


Message History

The fungus is moderately damaged.
The cyclops throws a large rock.
The large rock hits you but does no damage.
Unknown command.
Casting: Venom Bolt
Confirm with . or Enter, or press ? or * to list all spells.
Aiming: Venom Bolt
Press: ? - help, Shift-Dir - straight line, f/p - cyclops
Aim: a cyclops The bolt of poison hits the fungus.
The fungus is poisoned.
The fungus is heavily damaged.
The cyclops throws a large rock.
The large rock hits you!!
Unknown command.
The cyclops throws a large rock.
The large rock hits you!!!
Ouch! That really hurt!
* * * LOW HITPOINT WARNING * * *
You see here 3 large rocks.
Unknown command.
The cyclops throws a large rock.
The large rock hits you!
You die...

...........∩.....
.................
........P).......
..........P...P..
........PCP.P.PP.
.#........P...o..
........(#....#
........(.#
.......@.##
......#### ....##
##. #


You could see a cyclops and an orc sorcerer (wandering).

Vanquished Creatures
  Gastronok (D:8)
  Snorg (Lair:8)
  2 ettins
  2 catoblepae (Lair:8)
  8 hydras
  7 death yaks (Lair:8)
  A fire crab (Lair:2)
  A hill giant (D:10)
  2 orc knights
  Pikel (D:4)
  A cyclops (D:11)
  4 oklob plants (Lair:8)
  4 griffons
  2 manticores (Lair:8)
  8 black mambas
  23 elephants
  Joseph (D:8)
  Psyche (D:9)
  13 spiny frogs
  6 rime drakes
  5 komodo dragons
  10 polar bears
  A troll (D:11)
  2 two-headed ogres (D:10)
  2 boulder beetles (Lair:8)
  11 blink frogs
  Grinder (D:6)
  4 raiju (Lair:8)
  Sigmund (D:6)
  57 yaks
  18 hippogriffs
  2 hungry ghosts
  2 basilisks (Lair:8)
  A mottled dragon (D:9)
  8 wargs
  2 nagas (Lair:5)
  2 soldier ants
  17 water moccasins
  2 hell hounds (Lair:8)
  6 porcupines
  Duvessa (D:7)
  2 sky beasts
  17 orc warriors
  3 phantoms
  14 black bears
  2 slaves (D:4)
  5 centaurs
  2 ice beasts
  3 ogres
  17 wolves
  20 crocodiles
  8 big kobolds
  Blork the orc (D:4)
  9 giant frogs
  Dowan (D:7)
  3 scorpions
  A water moccasin skeleton (D:5)
  3 wights (D:6)
  6 crimson imps
  3 centaur skeletons
  3 giant frog zombies
  14 orc priests
  20 hounds
  2 jellies
  Crazy Yiuf (D:3)
  2 quasits (D:11)
  17 orc wizards
  4 giant frog skeletons
  5 iguanas
  7 worker ants
  4 sheep
  A hound zombie (D:5)
  3 worker ant zombies
  13 gnolls
  A howler monkey zombie (D:8)
  16 adders
  89 river rats
  2 oozes
  An adder skeleton (D:10)
  2 worms (D:3)
  3 dart slugs
  3 giant geckos
  79 orcs
  7 giant cockroaches
  13 goblins
  5 hobgoblins
  24 jackals
  2 quokkas
  2 ball pythons
  5 bats
  7 giant newts
  A jackal skeleton (D:4)
  26 kobolds
  A quokka skeleton (D:4)
  17 rats
  6 fungi
  7 plants
779 creatures vanquished.

Vanquished Creatures (others)
  A slave (D:4)
  A worm (D:4)
  A bush (Lair:2)
  38 fungi
  28 plants
69 creatures vanquished.

Grand Total: 848 creatures vanquished

Notes
Turn   | Place    | Note
--------------------------------------------------------------
     0 | D:1      | Kidiri the Deep Elf Fire Elementalist began the quest for the Orb.
     0 | D:1      | Reached XP level 1. HP: 10/10 MP: 6/6
   168 | D:1      | Reached XP level 2. HP: 10/15 MP: 5/8
   172 | D:1      | Learned a level 2 spell: Throw Flame
   772 | D:1      | Reached XP level 3. HP: 17/20 MP: 7/10
   777 | D:1      | Learned a level 3 spell: Conjure Flame
   781 | D:1      | Learned a level 3 spell: Inner Flame
  1051 | D:2      | Found a faded altar to an unknown god.
  1352 | D:2      | Upgraded the game from 0.18-a0-1560-ge216ca8 to 0.18-a0-1572-g0a86841
  1432 | D:2      | Reached skill level 1 in Fighting
  1704 | D:2      | Found an iron altar of Okawaru.
  1736 | D:2      | Reached XP level 4. HP: 25/25 MP: 9/11
  2988 | D:3      | Found a blossoming altar of Fedhas.
  3026 | D:3      | Found a glowing silver altar of Zin.
  3026 | D:3      | Found an oddly glowing altar of Pakellas.
  3162 | D:3      | Noticed a moth of wrath
  3164 | D:3      | Found a bloodstained altar of Trog.
  3381 | D:3      | Noticed Crazy Yiuf
  3394 | D:3      | Killed Crazy Yiuf
  3394 | D:3      | Reached XP level 5. HP: 29/29 MP: 10/13
  3471 | D:4      | Learned a level 4 spell: Sticky Flame
  3632 | D:4      | Reached skill level 1 in Hexes
  3734 | D:4      | Noticed a phantom
  3749 | D:4      | Reached skill level 5 in Spellcasting
  3775 | D:4      | Killed a phantom
  3775 | D:4      | Reached XP level 6. HP: 28/35 MP: 0/15
  3889 | D:4      | Noticed a slave
  3889 | D:4      | Noticed a slave
  3890 | D:4      | Noticed Pikel
  3904 | D:4      | Noticed Blork the orc
  3907 | D:4      | Killed a slave
  3907 | D:4      | Killed a slave
  3907 | D:4      | Killed Blork the orc
  3928 | D:4      | Noticed a slave
  4154 | D:4      | Killed Pikel
  4154 | D:4      | Reached XP level 7. HP: 36/40 MP: 1/18
  4182 | D:4      | Learned a level 5 spell: Fireball
  4656 | D:4      | Found Caqoes Igo's Gadget Boutique.
  4687 | D:4      | Found a sparkling altar of Nemelex Xobeh.
  4756 | D:4      | Found a staircase to the Ecumenical Temple.
  4765 | Temple   | Entered the Ecumenical Temple
  4821 | Temple   | Became a worshipper of Vehumet
  5447 | D:5      | Entered Level 5 of the Dungeon
  5462 | D:5      | Reached XP level 8. HP: 32/45 MP: 12/20
  5819 | D:5      | Reached skill level 5 in Stealth
  6055 | D:5      | Reached skill level 5 in Fire Magic
  6056 | D:5      | Found a burning altar of Makhleb.
  6276 | D:5      | Found a deep blue altar of Sif Muna.
  6324 | D:5      | Found an ancient bone altar of Kikubaaqudgha.
  7265 | D:5      | Reached skill level 5 in Dodging
  7719 | D:6      | Noticed Sigmund
  7754 | D:6      | Killed Sigmund
  7754 | D:6      | Reached * piety under Vehumet
  7754 | D:6      | Offered knowledge of Shock by Vehumet.
  7754 | D:6      | Reached skill level 5 in Hexes
  7757 | D:6      | Learned a level 1 spell: Shock
  8107 | D:6      | Reached XP level 9. HP: 51/51 MP: 4/23
  8450 | D:6      | Noticed Grinder
  8458 | D:6      | Killed Grinder
  8458 | D:6      | Reached skill level 1 in Air Magic
  8590 | D:6      | Gained mutation: Armour fits poorly on your strangely shaped body. [mutagenic meat]
  8591 | D:6      | Gained mutation: Your body sometimes deteriorates upon taking damage. [mutagenic meat]
  8592 | D:6      | Gained mutation: You have sharp toenails. [mutagenic meat]
  8777 | D:6      | Found a shattered altar of Ashenzari.
  8819 | D:6      | Reached skill level 5 in Conjurations
  8840 | D:6      | Learned a level 5 spell: Bolt of Magma
  9606 | D:7      | Noticed Duvessa
  9612 | D:7      | Noticed Dowan
  9617 | D:7      | Killed Dowan
  9617 | D:7      | Killed Duvessa
  9617 | D:7      | Reached skill level 1 in Earth Magic
  9617 | D:7      | Reached ** piety under Vehumet
  9738 | D:7      | Found a glowing golden altar of the Shining One.
  9765 | D:7      | Found a basalt altar of Yredelemnul.
  9767 | D:7      | Noticed a profane servitor
  9896 | D:7      | Offered knowledge of Sting by Vehumet.
  9899 | D:7      | Learned a level 1 spell: Sting
 10232 | D:7      | Noticed an angel
 10385 | D:8      | Found a staircase to the Lair.
 10625 | D:8      | Found a snail-covered altar of Cheibriados.
 10732 | D:8      | Noticed Gastronok
 11034 | D:8      | Killed Gastronok
 11034 | D:8      | Reached skill level 1 in Poison Magic
 11034 | D:8      | Reached XP level 10. HP: 42/57 MP: 1/25
 11241 | D:8      | Noticed Joseph
 11247 | D:8      | Killed Joseph
 11582 | D:8      | Found a white marble altar of Elyvilon.
 11728 | D:8      | Reached skill level 10 in Spellcasting
 11806 | D:8      | Offered knowledge of Static Discharge by Vehumet.
 12219 | D:9      | Noticed Psyche
 12231 | D:9      | Killed Psyche
 12325 | D:9      | Reached *** piety under Vehumet
 12986 | D:9      | Offered knowledge of Airstrike by Vehumet.
 13347 | D:9      | Reached XP level 11. HP: 62/62 MP: 13/27
 13532 | D:9      | Learned a level 5 spell: Venom Bolt
 13639 | Lair:1   | Entered Level 1 of the Lair of Beasts
 14311 | Lair:1   | Reached skill level 1 in Shields
 15374 | Lair:2   | Reached skill level 1 in Armour
 15457 | Lair:2   | Noticed a five-headed hydra
 15493 | Lair:2   | Killed a five-headed hydra
 16209 | Lair:3   | Gained mutation: Your flesh is cold resistant. [potion of mutation]
 16209 | Lair:3   | Gained mutation: You have razor-sharp toenails. [potion of mutation]
 16209 | Lair:3   | Gained mutation: You are agile. (Dex +2) [potion of mutation]
 16583 | Lair:3   | Reached **** piety under Vehumet
 16738 | Lair:3   | Offered knowledge of Dazzling Spray by Vehumet.
 16925 | Lair:3   | Found a staircase to the Shoals.
 18054 | Lair:3   | Reached skill level 5 in Fighting
 18386 | Lair:2   | Noticed a fire crab
 18394 | Lair:2   | Killed a fire crab
 18852 | Lair:4   | Found a glowing golden altar of the Shining One.
 19052 | Lair:4   | Reached XP level 12. HP: 68/68 MP: 12/29
 19299 | Lair:4   | Gained mutation: You are resistant to hostile enchantments. [potion of mutation]
 19300 | Lair:4   | Gained mutation: You are frail (-10% HP). [potion of mutation]
 19300 | Lair:4   | Gained mutation: You evolve. [potion of mutation]
 19309 | Lair:4   | Reached skill level 10 in Stealth
 19350 | Lair:4   | HP: 3/61 [black mamba (17)]
 19656 | Lair:4   | Reached ***** piety under Vehumet
 19656 | Lair:4   | Offered knowledge of Force Lance by Vehumet.
 20339 | Lair:4   | Learned a level 7 spell: Delayed Fireball
 20945 | Lair:5   | Noticed a six-headed hydra
 20954 | Lair:5   | Killed a six-headed hydra
 20966 | Lair:5   | Noticed a four-headed hydra
 20985 | Lair:5   | Found a staircase to the Snake Pit.
 21231 | Lair:5   | Killed a four-headed hydra
 21608 | Lair:5   | Learned a level 3 spell: Ignite Poison
 22383 | Lair:5   | Reached skill level 5 in Earth Magic
 22383 | Lair:5   | HP: 1/62 [spiny frog (19)]
 22964 | Lair:6   | Reached XP level 13. HP: 53/66 MP: 22/31
 23483 | Lair:6   | Reached skill level 1 in Transmutations
 23483 | Lair:6   | Reached skill level 5 in Poison Magic
 24015 | Lair:7   | Reached skill level 5 in Air Magic
 24474 | Lair:7   | Offered knowledge of Conjure Ball Lightning by Vehumet.
 24705 | Lair:7   | Reached skill level 10 in Dodging
 26196 | Lair:7   | Gained mutation: Your flesh is very cold resistant. [potion of mutation]
 26196 | Lair:7   | Gained mutation: You have claws for feet. [potion of mutation]
 26197 | Lair:7   | Gained mutation: You can translocate small distances at will. [potion of mutation]
 26204 | Lair:8   | Entered Level 8 of the Lair of Beasts
 26788 | Lair:8   | Found a staircase to the Slime Pits.
 28118 | Lair:8   | Reached skill level 10 in Hexes
 28463 | Lair:8   | Noticed Snorg
 28964 | Lair:8   | Offered knowledge of Bolt of Cold by Vehumet.
 29282 | Lair:8   | Reached XP level 14. HP: 72/72 MP: 6/32
 29320 | Lair:7   | Lost mutation: Armour fits poorly on your strangely shaped body. [evolution]
 30628 | Lair:8   | Killed Snorg
 31814 | Lair:8   | Gained mutation: Your magical capacity is low (-10% MP). [evolution]
 32270 | Lair:8   | Offered knowledge of Poisonous Cloud by Vehumet.
 33833 | D:10     | Entered Level 10 of the Dungeon
 34204 | D:10     | Learned a level 6 spell: Poisonous Cloud
 34602 | D:10     | Found Nimoll's Book Boutique.
 34641 | D:10     | Lost mutation: Your flesh is very cold resistant. [potion of mutation]
 35109 | D:10     | Found a portal to a secret trove of treasure.
 35468 | D:11     | Got a shimmering turquoise ring
 35470 | D:11     | Identified the ring of Truth {rPois rC+++ Int-3} (You found it on level 11 of the Dungeon)
 35565 | D:11     | Offered knowledge of Ozocubu's Refrigeration by Vehumet.
 35595 | D:11     | Found a staircase to the Orcish Mines.
 36570 | D:11     | Identified 2 scrolls of acquirement
 36819 | Orc:1    | Entered Level 1 of the Orcish Mines
 38018 | Orc:1    | Reached XP level 15. HP: 76/76 MP: 15/31
 38134 | Orc:2    | Entered Level 2 of the Orcish Mines
 38135 | Orc:2    | Found Yxagg's General Store.
 38148 | Orc:2    | Hit by a large rock thrown by a cyclops

Vault maps used:
D:1:      dpeg_arrival_more_subterranean_lakeside_camping,
          corexii_leaking_fountain
D:2:      okawaru_gym_becter, ecumenical_altar_2
D:3:      fedhas_altar_4, tgw_trog, gammafunk_temple_overflow_pools,
          uniq_crazy_yiuf_cottage
D:4:      lemuel_crystal_altar, lemuel_temple_firewalk, serial_shops, shop,
          first_bread, uniq_blork_the_orc, uniq_pikel
D:5:      wad_river_or_something, marbit_many_paths,
          nicolae_overflow_crystal_walls, lemuel_blue_sif_altar
D:6:      nicolae_ashenzari_panopticon, uniq_grinder, uniq_sigmund
D:7:      nicolae_whirlpool, grunt_temple_overflow_holy_war, uniq_duvessa
D:8:      overflow_temple_1_default, lemuel_doored_altar,
          due_lair_maze_entry_diamond, uniq_joseph, uniq_gastronok
D:9:      uniq_psyche
D:10:     nicolae_trove_entry_crystal, serial_shops, kennysheep_little_box,
          hangedman_ranch
D:11:     hiddenorc2_lemuel
Temple:   nicolae_temple_hex_pool
Lair:1:   lemuel_fruit_tree
Lair:3:   elwin_shoals_entry_rocks, grunt_megastairs_5,
          infiniplex_staircase_pool
Lair:4:   basic_altar, lemuel_fruit_fields, serial_bayou_shore_b,
          grunt_megastairs_3
Lair:5:   guppyfry_snake_entry_garden, beast_lair_carwin_9
Lair:6:   lemuel_fruit_fields
Lair:7:   bh_autumn_forest_stairs, serial_bayou_shore_b
Lair:8:   hangedman_lair_in_review, hangedman_lair_caniforms_friends,
          minmay_slime_entry_oklob_open, lab_entry_generic,
          nicolae_quartered_pool_little, uniq_snorg
Orc:2:    grunt_orc_gardens, grunt_orc_garden, grunt_orc_garden,
          grunt_orc_garden, grunt_orc_garden, serial_shops,
          nicolae_shop_temple_entry_statues_fountains, nicolae_orc_pool_cavern,
          lightli_orcish_oven, uniq_sonja, uniq_azrael, uniq_maurice

Skill      XL: |  1  2  3  4  5  6  7  8  9 10 11 12 13 14 |
---------------+-------------------------------------------+-----
Fighting       | 1 2 3 4 5 6 |  6.7
Stealth        | 3 4 5 7 8 9 11 12 13 | 13.0
Conjurations   | 2 3 4 5 6 7 8 |  8.6
Spellcasting   | 4 5 6 8 9 10 11 12 13 | 13.6
Dodging        | 3 4 5 6 7 8 9 10 11 | 11.6
Hexes          | 1 3 5 6 7 8 9 10 | 10.5
Fire Magic     | 4 5 6 7 8 |  8.8
Air Magic      | 2 3 4 5 6 |  6.0
Earth Magic    | 2 3 4 5 6 |  6.5
Poison Magic   | 1 2 4 5 6 |  6.6
Shields        | 2 3 4 |  4.9
Armour         | 1 3 4 |  4.8
Transmutations | 3 4 |  4.1

Action                   |  1- 3 |  4- 6 |  7- 9 | 10-12 | 13-15 || total
-------------------------+-------+-------+-------+-------+-------++-------
Melee: Dagger            |    28 |    65 |   135 |       |       ||   228
       Rapier            |       |       |    11 |   103 |   265 ||   379
 Cast: Flame Tongue      |    40 |    46 |   107 |   129 |    82 ||   404
       Throw Flame       |    11 |     8 |    54 |    72 |   100 ||   245
       Conjure Flame     |       |     5 |    14 |    23 |    17 ||    59
       Inner Flame       |       |     3 |    10 |    16 |    15 ||    44
       Sticky Flame      |       |     2 |    24 |    37 |    76 ||   139
       Fireball          |       |       |     4 |    26 |    73 ||   103
       Bolt of Magma     |       |       |     8 |    55 |   103 ||   166
       Shock             |       |       |     6 |       |       ||     6
       Sting             |       |       |     4 |       |       ||     4
       Venom Bolt        |       |       |       |    54 |   157 ||   211
       Ignite Poison     |       |       |       |     1 |     1 ||     2
       Delayed Fireball  |       |       |       |       |     1 ||     1
Evoke: Wand              |       |       |       |       |     6 ||     6
  Use: Scroll            |       |       |     9 |    12 |    12 ||    33
       Potion            |       |       |       |    23 |    13 ||    36
 Stab: Sleeping          |     6 |     5 |     6 |     9 |    13 ||    39
       Distracted        |       |       |       |       |     3 ||     3
       Petrified         |       |       |       |       |     1 ||     1
  Eat: Chunk             |     3 |     5 |    15 |    22 |    24 ||    69
       Meat ration       |       |     1 |     1 |     1 |     2 ||     5
       Beef jerky        |       |       |     2 |     1 |     6 ||     9
       Royal jelly       |       |       |     1 |       |       ||     1
       Fruit             |       |       |       |    14 |    10 ||    24
       Pizza             |       |       |       |     3 |       ||     3
       Bread ration      |       |       |       |     3 |     5 ||     8
